AoeStats
← sovietdurak

Nomad

507908298Analyzed
4v4 RM · 12d ago on Sep 20, 2026· 28m 59s· 8 players
Game mode
Random Map
Map size
231×231
Population
200
Speed
Normal
Resources
Standard
Victory
Conquest
Starting age
Dark Age
Ending age
Imperial Age
RankedLock teamsTeams togetherTeam positionsShared explorationLock speedFull tech treeHidden civsTurbo modeCheats
Victory
Defeat
🇨🇳 Wu · China
1253
+11
🇳🇱 Aztecs · Netherlands
1252
+11
🇮🇳 Saracens · India
1243
+12
🇺🇸 Spanish · United States
1243
+12
🇹🇼 Slavs · Taiwan
1172
-12
🇦🇷 Chinese · Argentina
1150
-12
🇺🇸 Huns · United States
1146
-11
🇨🇳 Mongols · China
1138
-11
Hello World
4:35 Loom
15:19 Feudal Age
17:46 Double-Bit Axe
好色小人
15:05 Feudal Age
19:12 Castle Age
17:11 Double-Bit Axe
18:10 Gold Mining
18:07 Fishing Lines
21:33 Loom
23:02 Horse Collar
25:13 Pikeman
25:53 Squires
QQ12346908
15:51 Feudal Age
18:49 Loom
popibo
16:03 Feudal Age
14:18 Loom
21:38 Castle Age
19:38 Double-Bit Axe
27:09 Bloodlines
sovietdurak
6:18 Loom
13:57 Feudal Age
14:55 Double-Bit Axe
17:24 Fletching
17:53 Fishing Lines
18:45 Town Watch
20:04 Wheelbarrow
26:05 Castle Age
27:07 Gillnets
27:31 Bow Saw
27:02 Horse Collar
28:44 Hand Cart
maharaja2020
7:52 Loom
9:20 Loom
14:01 Feudal Age
18:05 Castle Age
15:56 Horse Collar
16:20 Double-Bit Axe
18:50 Scale Barding Armor
19:02 Bow Saw
20:40 Chain Barding Armor
24:40 Bloodlines
25:33 Husbandry
26:27 Forging
28:56 Iron Casting
Troll$
5:37 Loom
12:59 Feudal Age
14:27 Double-Bit Axe
16:36 Fletching
19:27 Wheelbarrow
22:45 Castle Age
23:56 Medium Warships
24:59 Fishing Lines
25:58 Scale Mail Armor
26:09 Forging
26:06 Squires
25:51 Gambesons
26:55 Arson
27:50 Chain Mail Armor
C_XW
12:55 Feudal Age
17:15 Castle Age
16:04 Fishing Lines
16:22 Double-Bit Axe
17:03 Forging
16:53 Scale Mail Armor
18:27 Bow Saw
19:24 Squires
19:09 Arson
20:21 Loom
21:15 Wheelbarrow
22:01 Horse Collar
25:12 Chain Mail Armor
25:32 Iron Casting
24:51 Gillnets
28:33 Heavy Plow
Connection lost

Rejoining the realm…

Still unreachable

The connection could not be restored.

Session expired

The server has moved on; the page needs a fresh start.